[Event "Early-Titled-Tuesday-Blitz-September-12-2023"]
[Site "Chess.com"]
[Date "2023.09.12"]
[Round "3"]
[White "Ariadna_Atreides"]
[Black "Casper"]
[Result "0-1"]
[WhiteElo "2215"]
[BlackElo "2437"]
[TimeControl "180+1"]
[EndTime "8:27:30 PDT"]
[Termination "Casper won on time"]

1. d4 Nf6 2. Nf3 g6 3. Nbd2 Bg7 4. e4 O-O 5. c3 c5 6. Bd3 cxd4 7. Nxd4 Nc6 8. O-O d5 9. Nxc6 bxc6 10. Qc2 e5 11. Re1 Re8 12. b3 a5 13. Ba3 a4 14. f3 Qb6+ 15. Kh1 Qf2 16. Re2 Qh4 17. Bc5 axb3 18. Qxb3 Be6 19. Bf2 Qh5 20. exd5 Nxd5 21. Bc4 Rab8 22.
Qa4 Nxc3 23. Qc2 Bxc4 24. Nxc4 Nxe2 25. Qxe2 e4 26. Rf1 exf3 27. Qxf3 Qxf3 28. gxf3 Re2 29. a4 Rc2 30. Nb6 Rxf2 31. Rxf2 Bd4 32. Rd2 Bxb6 33. Rb2 Bc7 34. Rc2 Rb6 35. Kg2 Be5 36. h4 Rb2 37. Rxb2 Bxb2 38. a5 Bd4 39. a6 f5 40. f4 Kf7 41.
Kf3 Ke6 42. Ke2 Kd5 43. Kd3 Ba7 44. Kc3 Ke4 45. Kc4 Kxf4 0-1

[Event "Early-Titled-Tuesday-Blitz-September-12-2023"]
[Site "Chess.com"]
[Date "2023.09.12"]
[Round "3"]
[White "El_Matador12"]
[Black "Herzog2012"]
[Result "0-1"]
[WhiteElo "2620"]
[BlackElo "2498"]
[TimeControl "180+1"]
[EndTime "8:27:32 PDT"]
[Termination "Herzog2012 won by checkmate"]

1. d4 Nf6 2. Bg5 e6 3. e4 h6 4. Bxf6 Qxf6 5. c3 d6 6. Bc4 Nd7 7. Ne2 Qg6 8. Ng3 h5 9. h4 Be7 10. Nd2 Qh6 11. Nf3 Nf6 12. Qe2 Bd7 13. Ng5 Ng4 14. f3 Nf6 15. O-O O-O 16. Rad1 Rae8 17.
Bd3 e5 18. Bc4 exd4 19. cxd4 d5 20. Bd3 dxe4 21. fxe4 Ng4 22. Qd2 Qd6 23. e5 Qxd4+ 24. Kh1 Qxe5 25. Nxh5 Qh2# 0-1

[Event "Early-Titled-Tuesday-Blitz-September-12-2023"]
[Site "Chess.com"]
[Date "2023.09.12"]
[Round "3"]
[White "KatakuriDono"]
[Black "Ind1anStar"]
[Result "0-1"]
[WhiteElo "2325"]
[BlackElo "2557"]
[TimeControl "180+1"]
[EndTime "8:27:32 PDT"]
[Termination "Ind1anStar won by checkmate"]

1. d4 Nf6 2. c4 c5 3. d5 b5 4. Qc2 d6 5. e4 g6 6. Nf3 Bg7 7.
h3 O-O 8. Bf4 Nbd7 9. Nbd2 b4 10. Bd3 a5 11. O-O a4 12. a3 b3 13. Qc1 Ba6 14.
Nb1 Nb6 15. Re1 Re8 16. Nfd2 e6 17. Nc3 Nh5 18. Bh2 exd5 19. exd5 Rxe1+ 20. Qxe1 Bxc3 21. bxc3 Nxd5 22. Ne4 Ndf4 23. Bf1 Ne6 24. Rd1 Qh4 25. Rxd6 Bb7 26. Rxe6 fxe6 27. Nxc5 Bc8 28. Be2 Ng7 29. Bf3 Ra5 30. Ne4 Nf5 31. c5 Qe7 32. c4 Ra7 33.
Nd6 Ba6 34. Qe5 Rc7 35. Nxf5 exf5 36. Qxc7 Qe1# 0-1

[Event "Early-Titled-Tuesday-Blitz-September-12-2023"]
[Site "Chess.com"]
[Date "2023.09.12"]
[Round "3"]
[White "maracayo"]
[Black "mjray79"]
[Result "1-0"]
[WhiteElo "2418"]
[BlackElo "2550"]
[TimeControl "180+1"]
[EndTime "8:27:33 PDT"]
[Termination "maracayo won by checkmate"]

1. e4 c6 2. Nf3 d5 3. d3 Bg4 4.
Be2 Nd7 5. O-O e5 6. Re1 Bxf3 7.
Bxf3 d4 8. c3 Bc5 9. b4 Bb6 10.
Bb2 Ne7 11. cxd4 Bxd4 12. Bxd4 exd4 13. Nd2 O-O 14. Nb3 Qb6 15. Rb1 Qxb4 16. Nd2 Qa3 17.
Rxb7 Ne5 18. Qb3 Qa5 19. Rd1 N7g6 20. Be2 Nf4 21. Bf1 Ne6 22. Nc4 Nxc4 23. Qxc4 Rab8 24. Rdb1 Rxb7 25. Rxb7 c5 26. g3 Qe1 27. Rxa7 Ng5 28. Kg2 Nf3 29. Kxf3 Qxf1 30. Qd5 Qxd3+ 31. Kg2 h5 32.
Ra8 c4 33. Rxf8+ Kxf8 34. Qd8# 1-0

[Event "Early-Titled-Tuesday-Blitz-September-12-2023"]
[Site "Chess.com"]
[Date "2023.09.12"]
[Round "3"]
[White "MrTattaglia"]
[Black "Hope_6"]
[Result "1-0"]
[WhiteElo "2926"]
[BlackElo "2700"]
[TimeControl "180+1"]
[EndTime "8:27:35 PDT"]
[Termination "MrTattaglia won by checkmate"]

1. d4 d5 2. Bf4 c5 3. e3 Nc6 4. Nc3 cxd4 5. exd4 Bf5 6. Nf3 Nf6 7. Ne5 e6 8. g4 Nxe5 9. dxe5 Nxg4 10. Bb5+ Ke7 11. h3 Nh6 12. Qd4 f6 13. O-O-O Qb6 14. Qa4 Kf7 15. exf6 gxf6 16. Be2 Bg6 17. Qd7+ Kg8 18.
Nxd5 exd5 19. Bf3 Nf7 20. Bxd5 Bg7 21. Rhg1 Rf8 22. Bd6 Qd8 23. Bxf7+ Bxf7 24. Rxg7+ Kxg7 25. Rg1+ Kh6 26. Bf4+ Kh5 27. Qg4# 1-0

[Event "Early-Titled-Tuesday-Blitz-September-12-2023"]
[Site "Chess.com"]
[Date "2023.09.12"]
[Round "3"]
[White "MatyChess1"]
[Black "Vladimir_Zakhartsov"]
[Result "1/2-1/2"]
[WhiteElo "2688"]
[BlackElo "2890"]
[TimeControl "180+1"]
[EndTime "8:27:36 PDT"]
[Termination "Game drawn by repetition"]

1. d4 Nf6 2. Bf4 d5 3. e3 c5 4. Nf3 Nc6 5. Nbd2 Nh5 6. dxc5 Nxf4 7. exf4 Qa5 8. c3 Qxc5 9. Bd3 g6 10. O-O Bg7 11. Re1 O-O 12. Nb3 Qd6 13. g3 Bg4 14.
Be2 e6 15. Ne5 Bh3 16. Nf3 h6 17. Bf1 Bxf1 18. Kxf1 b5 19. Re2 Rfd8 20. Nbd4 Rab8 21.
a3 a5 22. h4 h5 23. Kg2 Rb6 24. Ng5 Nxd4 25. cxd4 b4 26. Rc2 Rc6 27. Nf3 Rdc8 28. Rxc6 Qxc6 29. axb4 axb4 30. Ra7 Qb6 31. Qa4 Rf8 32.
Qd7 Bxd4 33. Rb7 Qc5 34. Rc7 Qb6 35. Rb7 Qc5 36. Rc7 Qb6 37. Rb7 1/2-1/2

[Event "Early-Titled-Tuesday-Blitz-September-12-2023"]
[Site "Chess.com"]
[Date "2023.09.12"]
[Round "3"]
[White "MikeSailer"]
[Black "GM4life"]
[Result "0-1"]
[WhiteElo "2170"]
[BlackElo "2539"]
[TimeControl "180+1"]
[EndTime "8:27:36 PDT"]
[Termination "GM4life won on time"]

1. d4 d5 2. Nc3 Bf5 3. Bf4 c6 4. f3 e6 5. g4 Bg6 6. h4 h5 7.
g5 Bd6 8. e3 Bxf4 9. exf4 Ne7 10. Bd3 Bxd3 11. Qxd3 Nf5 12. O-O-O Nd7 13. g6 fxg6 14. Nh3 Qc7 15. Rde1 Nf8 16. Re5 O-O-O 17. Ng5 Nd6 18. Nxe6 Nxe6 19. Rxe6 Nc4 20. Ne2 Qb6 21. b3 Nd6 22. Qxg6 Nb5 23. Qxg7 Qa5 24. a4 Nc7 25. Re7 Rhe8 26. Rg1 Rxe7 27. Qxe7 Re8 28. Qf7 Rxe2 29. Rg8+ Ne8 30. Rxe8+ Rxe8 31. Qxe8+ Kc7 32. Qe5+ Kb6 33. f5 Qc3 34. f6 Qxf3 35. Qe6 Qf4+ 36. Kb1 Qxd4 37. f7 Qd1+ 38. Kb2 Qd4+ 39. Ka2 Qf2 40. Qg6 d4 0-1

[Event "Early-Titled-Tuesday-Blitz-September-12-2023"]
[Site "Chess.com"]
[Date "2023.09.12"]
[Round "3"]
[White "AlexPapasimakopoulos"]
[Black "Sina_Movahed"]
[Result "1-0"]
[WhiteElo "2775"]
[BlackElo "3048"]
[TimeControl "180+1"]
[EndTime "8:27:37 PDT"]
[Termination "AlexPapasimakopoulos won on time"]

1. d4 Nf6 2. c4 g6 3. Nc3 Bg7 4. Bg5 O-O 5. e3 d6 6. Nf3 Nbd7 7. Be2 b6 8. O-O Bb7 9. Qc2 e6 10. h3 a6 11. b4 Qe8 12. a4 h6 13. Bh4 g5 14. Bg3 Qe7 15. a5 Nh5 16.
Bh2 f5 17. axb6 cxb6 18. Nd2 Nhf6 19. Rab1 Rac8 20. c5 Ne8 21. Nc4 f4 22. Nxb6 Nxb6 23. cxb6 Nf6 24. Qb3 Nd5 25. Nxd5 Bxd5 26. Qd3 Ra8 27.
e4 Bb7 28. Rfc1 Rac8 29. Bf3 Kh8 30. Kh1 d5 31. e5 Qd8 32. Rxc8 Qxc8 33. Bd1 Qc4 34.
Qg6 Qf1+ 35. Bg1 f3 36. Bxf3 Qc4 37. Bd1 Rf5 38. Qe8+ Kh7 39. Bh5 1-0

[Event "Early-Titled-Tuesday-Blitz-September-12-2023"]
[Site "Chess.com"]
[Date "2023.09.12"]
[Round "3"]
[White "AttilaTurzo"]
[Black "kushbhagat2009"]
[Result "0-1"]
[WhiteElo "2470"]
[BlackElo "2644"]
[TimeControl "180+1"]
[EndTime "8:27:37 PDT"]
[Termination "kushbhagat2009 won by resignation"]

1. d4 Nf6 2. Nf3 g6 3. Bf4 Bg7 4. e3 O-O 5. Be2 d6 6. h3 Nc6 7. c4 e5 8. dxe5 Ne4 9. Nbd2 Nxd2 10. Qxd2 dxe5 11. Qxd8 Rxd8 12. Bg5 f6 13. Bh4 Be6 14.
Rd1 Rxd1+ 15. Kxd1 Rd8+ 16. Kc1 Nb4 17. a3 Nd3+ 18. Bxd3 Rxd3 19. Nd2 Kf7 20. Kc2 Rd7 21. b3 Bf8 22. Nb1 Bf5+ 23. Kc3 a5 24. a4 Bb4+ 25. Kb2 h5 26. Bg3 g5 27. h4 g4 28. Rc1 Be4 29. Rg1 Ke6 30. Kc1 Rd3 31. Kb2 c6 32. Bh2 Rd7 33. Bg3 Rd3 34. Bh2 b5 35. cxb5 cxb5 36.
axb5 Bd5 37. Rc1 Rxb3+ 38. Kc2 a4 39. f4 Be4+ 40. Kd1 Rxb1 41. Rxb1 Bxb1 42. fxe5 fxe5 43. b6 Be4 44. b7 Bxb7 45. Kc2 Bxg2 46. Kb2 Be1 47.
Bg1 g3 48. Ka3 Bf2 49. Bxf2 gxf2 50. Kxa4 f1=Q 0-1

[Event "Early-Titled-Tuesday-Blitz-September-12-2023"]
[Site "Chess.com"]
[Date "2023.09.12"]
[Round "3"]
[White "jup1978"]
[Black "JaloliddinIlkhomi"]
[Result "1/2-1/2"]
[WhiteElo "2472"]
[BlackElo "2627"]
[TimeControl "180+1"]
[EndTime "8:27:37 PDT"]
[Termination "Game drawn - insufficient material"]

1. d4 Nf6 2. c4 e6 3. Nf3 b6 4.
g3 Bb7 5. Bg2 Be7 6. O-O O-O 7.
Re1 d5 8. cxd5 exd5 9. Nc3 Nbd7 10. Bf4 c5 11. Rc1 a6 12. h4 Rc8 13. e3 c4 14.
Ne5 b5 15. a3 Re8 16. g4 Nxe5 17. dxe5 Ne4 18. Nxe4 dxe4 19. g5 Qxd1 20. Rexd1 Red8 21. Bh3 Ra8 22. e6 Rd3 23. exf7+ Kxf7 24. Bf1 Rxd1 25. Rxd1 Rd8 26. Rxd8 Bxd8 27. Bh3 a5 28. Kf1 b4 29. axb4 axb4 30. Ke1 Bc6 31. Bf1 Bd5 32.
Bd6 Be7 33. Bxe7 Kxe7 34. Kd2 Ke6 35. Bh3+ Ke5 36. Bg4 Be6 37. Be2 h6 38. gxh6 gxh6 39. f4+ exf3 40. Bxf3 Bd5 41. Bg4 Ke4 42. Bh5 Be6 43. Be2 Bf7 44. Bg4 Bg8 45. Bh5 Be6 46.
Be2 c3+ 47. bxc3 bxc3+ 48. Kxc3 Kxe3 49. Bd1 Kf2 50. Kd4 Kg3 51. Ke5 Bd7 52. h5 Kh4 53.
Kf6 Be8 54. Kg7 Bxh5 55. Kxh6 1/2-1/2

[Event "Early-Titled-Tuesday-Blitz-September-12-2023"]
[Site "Chess.com"]
[Date "2023.09.12"]
[Round "3"]
[White "Tonychess32"]
[Black "kingofthenil"]
[Result "1-0"]
[WhiteElo "2516"]
[BlackElo "2742"]
[TimeControl "180+1"]
[EndTime "8:27:38 PDT"]
[Termination "Tonychess32 won by checkmate"]

1. e4 Nc6 2. Nf3 d5 3. exd5 Qxd5 4. Nc3 Qh5 5. Be2 Bg4 6. d3 O-O-O 7. O-O e5 8. h3 Bxf3 9. Bxf3 Qg6 10. Bh5 Qe6 11. Re1 f5 12. Qe2 Nf6 13. Bf3 Nd4 14. Qd1 Bb4 15.
Bd2 Rhe8 16. a3 Bf8 17. Be2 Kb8 18. Bf1 e4 19. Qc1 Qc6 20. Be3 Bc5 21. dxe4 fxe4 22.
b4 Bb6 23. Qb2 a6 24. Rad1 Nf5 25. Rxd8+ Rxd8 26. Bxb6 cxb6 27. b5 Qc5 28. bxa6 e3 29. fxe3 Nxe3 30. Na4 Qxc2 31. Qxb6 Rd7 32. a7+ Ka8 33. Nc5 Rd5 34. Qxb7# 1-0

[Event "Early-Titled-Tuesday-Blitz-September-12-2023"]
[Site "Chess.com"]
[Date "2023.09.12"]
[Round "3"]
[White "MBA_CHESS_2021"]
[Black "GKARU"]
[Result "1-0"]
[WhiteElo "2128"]
[BlackElo "2500"]
[TimeControl "180+1"]
[EndTime "8:27:38 PDT"]
[Termination "MBA_CHESS_2021 won on time"]

1. e4 c5 2. c4 Nc6 3. Nc3 e5 4. d3 g6 5. Be3 d6 6. f4 Bg7 7.
Nf3 exf4 8. Bxf4 Nge7 9. Be2 O-O 10. O-O f5 11. Bg5 h6 12. Bh4 g5 13. Nxg5 hxg5 14. Bxg5 Nd4 15. Bh5 Be6 16. Nd5 Bxd5 17. cxd5 Qd7 18.
Kh1 Kh7 19. Qe1 Ng8 20. Qg3 Rae8 21. Bxe8 Rxe8 22. exf5 Nxf5 23. Qh3+ Kg6 24. g4 Kxg5 25.
Qh5+ Kf6 26. Rxf5+ Ke7 27. Rf7+ Kd8 28. Rxd7+ Kxd7 29. Qf7+ Re7 30. Qxg8 1-0

[Event "Early-Titled-Tuesday-Blitz-September-12-2023"]
[Site "Chess.com"]
[Date "2023.09.12"]
[Round "3"]
[White "OlaaLa"]
[Black "klauser63"]
[Result "0-1"]
[WhiteElo "2408"]
[BlackElo "2213"]
[TimeControl "180+1"]
[EndTime "8:27:38 PDT"]
[Termination "klauser63 won by resignation"]

1. Nf3 Nf6 2. g3 d5 3. Bg2 g6 4.
O-O Bg7 5. d4 O-O 6. b3 b6 7. Bb2 Bb7 8. Ne5 Nbd7 9. c4 Qc8 10.
cxd5 Bxd5 11. Bxd5 Nxd5 12. e4 Nxe5 13. dxe5 Nb4 14.
f4 Rd8 15. Nd2 Qd7 16. Bc3 Qd3 17. Rf3 Qb5 18. a3 Nd3 19. Qc2 Nc5 20. Re1 Rd7 21.
a4 Qc6 22. Ba1 Rad8 23. Re2 a5 24. Rfe3 Qe6 25. f5 Qc6 26. Rf2 Bh6 27. e6 Bxe3 28. exd7 Bxf2+ 29. Kxf2 Qxd7 30. Nf3 Qd3 31. Qb2 Nxe4+ 32.
Kg2 f6 33. Qc1 Qe2+ 0-1

[Event "Early-Titled-Tuesday-Blitz-September-12-2023"]
[Site "Chess.com"]
[Date "2023.09.12"]
[Round "3"]
[White "biesiadnik"]
[Black "secretsuperstar7"]
[Result "1-0"]
[WhiteElo "2573"]
[BlackElo "2398"]
[TimeControl "180+1"]
[EndTime "8:27:39 PDT"]
[Termination "biesiadnik won by resignation"]

1. e4 c5 2. Nf3 Nc6 3. Bb5 g6 4. Bxc6 dxc6 5. d3 Bg7 6. h3 e5 7.
Be3 b6 8. a4 a5 9. Nbd2 Ne7 10.
Nc4 Qc7 11. Nfd2 Be6 12. b4 b5 13. axb5 cxb5 14. Nxa5 cxb4 15. Ndb3 O-O 16. O-O f5 17. f3 Nc8 18. Qd2 Rd8 19. Qxb4 Qxc2 20. Nc5 Bf7 21. Rf2 Rxa5 22. Qxa5 Qxf2+ 23. Kxf2 Bf6 24. Ke2 f4 25. Bf2 Nd6 26. Qc7 Kg7 27. Ra7 Kf8 28. Nd7+ Ke7 29. Nxf6+ Kxf6 30. Qxd8+ 1-0

[Event "Early-Titled-Tuesday-Blitz-September-12-2023"]
[Site "Chess.com"]
[Date "2023.09.12"]
[Round "3"]
[White "Zkid"]
[Black "Rutricks"]
[Result "1-0"]
[WhiteElo "2890"]
[BlackElo "2673"]
[TimeControl "180+1"]
[EndTime "8:27:40 PDT"]
[Termination "Zkid won by checkmate"]

1. e4 g6 2. d4 Bg7 3. Nc3 c6 4. Nf3 d5 5. h3 dxe4 6. Nxe4 Nf6 7. Nxf6+ exf6 8. Bc4 O-O 9. O-O a5 10. a4 Na6 11. c3 Nc7 12. Bf4 Nd5 13. Bh2 Be6 14. Bb3 Re8 15. Nd2 Bf8 16. Re1 Kg7 17. Qf3 Bd6 18. Bxd6 Qxd6 19. Ne4 Qd8 20. Nc5 Qb6 21. Re2 Bf5 22. Rae1 Rxe2 23. Rxe2 Rd8 24. g4 Bc8 25. Bxd5 Rxd5 26. Re8 Bd7 27. Re7 Bc8 28. Ne4 f5 29. Ng5 Rd7 30. Qe2 Rxe7 31. Qxe7 Qb3 32. Qe5+ Kh6 33. Qf6 fxg4 34. Nxf7+ Kh5 35. Qg5# 1-0

[Event "Early-Titled-Tuesday-Blitz-September-12-2023"]
[Site "Chess.com"]
[Date "2023.09.12"]
[Round "3"]
[White "HeinichessPY"]
[Black "kuba2006"]
[Result "1/2-1/2"]
[WhiteElo "2347"]
[BlackElo "2526"]
[TimeControl "180+1"]
[EndTime "8:27:40 PDT"]
[Termination "Game drawn by agreement"]

1. e4 Nf6 2. Nc3 e5 3. f4 d5 4. exd5 exf4 5. Nf3 Nxd5 6. Bc4 Be6 7. Nxd5 Bxd5 8. Qe2+ Be7 9. O-O Nc6 10. d3 Bxc4 11. dxc4 O-O 12. Bxf4 Bc5+ 13. Kh1 Nd4 14. Nxd4 Qxd4 15.
c3 Qd7 16. Rad1 Qc6 17. Qf3 Qxf3 18. Rxf3 Rad8 19. Rfd3 Rxd3 20. Rxd3 Re8 21. h3 h6 22. Bxc7 Re1+ 23. Kh2 Bg1+ 24. Kg3 Re2 25. Bf4 Rxb2 26. Be3 Bxe3 27. Rxe3 Rxa2 28. Re8+ Kh7 29. Re7 Rc2 30. Rxb7 Rxc3+ 31. Kh2 a5 32. Rxf7 Rxc4 33. Ra7 Ra4 34. Ra6 Ra1 35. h4 h5 36. Ra7 Kh6 37.
Ra6+ Kh7 38. Ra7 Ra4 39. Kh3 Ra3+ 40. Kh2 Ra1 41. Ra6 a4 42. Ra7 a3 43. Ra6 Kg8 44. Ra7 Kf8 45. Kg3 g6 46. Kf4 a2 47. Kg5 Ke8 48. Kxg6 Rh1 49. Rxa2 Rxh4 50. Ra5 Rg4+ 51. Kxh5 Rxg2 52. Re5+ 1/2-1/2

[Event "Early-Titled-Tuesday-Blitz-September-12-2023"]
[Site "Chess.com"]
[Date "2023.09.12"]
[Round "3"]
[White "KNVB"]
[Black "Firouzja2003"]
[Result "0-1"]
[WhiteElo "2762"]
[BlackElo "3069"]
[TimeControl "180+1"]
[EndTime "8:27:44 PDT"]
[Termination "Firouzja2003 won on time"]

1. c4 Nf6 2. d4 g6 3. Nc3 Bg7 4. e4 d6 5. f3 O-O 6. Be3 c5 7. dxc5 dxc5 8. Qxd8 Rxd8 9. Bxc5 Nc6 10. Nd5 Nd7 11.
Bxe7 Nxe7 12. Nxe7+ Kf8 13. Nd5 Bxb2 14. Rb1 Bg7 15.
Nh3 b6 16. g4 Bb7 17. Be2 Rac8 18. Kf2 Rc5 19. Rhd1 Ra5 20. Rd2 Nc5 21. Ng5 Be5 22.
Rbd1 h6 23. Nh3 Bxh2 24. Nhf4 Ra3 25. Kg2 Bxf4 26. Nxf4 Rxd2 27. Rxd2 Bc6 28. Nd3 Ne6 29. Ne5 Be8 30. Kf2 Ke7 31. Nd3 Ra4 32. Rc2 Nd4 33.
Rb2 Rxc4 34. Nf4 Ra4 35. Nd5+ Kf8 36. Ke3 Ne6 37. Nc3 Ra5 38. Bd3 Nc5 39. Bc4 Ra3 40. Kd2 a6 41. Bb3 b5 42. Nd5 a5 43.
Nc3 b4 44. Nb1 Nxb3+ 0-1

[Event "Early-Titled-Tuesday-Blitz-September-12-2023"]
[Site "Chess.com"]
[Date "2023.09.12"]
[Round "3"]
[White "OK97"]
[Black "CristianS27"]
[Result "1-0"]
[WhiteElo "2819"]
[BlackElo "2509"]
[TimeControl "180+1"]
[EndTime "8:27:44 PDT"]
[Termination "OK97 won by resignation"]

1. d4 Nf6 2. Nf3 g6 3. g3 Bg7 4. Bg2 O-O 5. O-O d6 6. Re1 Nbd7 7. e4 e5 8. Nc3 c6 9. a4 a5 10. h3 Qc7 11. Be3 exd4 12. Bxd4 Ne5 13. Nh2 Re8 14. f4 Nc4 15. b3 Nb6 16. Qd2 c5 17. Nb5 Qd8 18. Bc3 d5 19. e5 Ne4 20. Bxe4 dxe4 21. Bxa5 Qxd2 22. Bxd2 Bxh3 23. Nc7 Rad8 24. Ba5 Nd5 25.
Nxe8 Rxe8 26. Rad1 Nb4 27. Bxb4 cxb4 28. Rxe4 h5 29.
Red4 Kh7 30. Rd8 Re6 31. Nf3 f6 32. R1d7 Kh6 33. Nd4 Ra6 34. Rd6 Rxd6 35. exd6 f5 36. Nb5 1-0

[Event "Early-Titled-Tuesday-Blitz-September-12-2023"]
[Site "Chess.com"]
[Date "2023.09.12"]
[Round "3"]
[White "bascheyaro"]
[Black "Superfelix"]
[Result "1-0"]
[WhiteElo "2820"]
[BlackElo "2435"]
[TimeControl "180+1"]
[EndTime "8:27:45 PDT"]
[Termination "bascheyaro won by resignation"]

1. d4 g6 2. Nf3 c6 3. c4 d5 4. Nc3 Nf6 5. Bg5 Bg7 6. e3 O-O 7. Qc2 a6 8. Bd3 b5 9. cxd5 cxd5 10. Rc1 Bb7 11. Ne5 Nbd7 12. f4 Rc8 13. Qd2 b4 14. Ne2 Rxc1+ 15. Nxc1 a5 16. O-O Ne4 17. Bxe4 dxe4 18. Nxd7 Qxd7 19. Nb3 f6 20. Bh4 e5 21. Nxa5 exd4 22. Nxb7 Qxb7 23. Qxd4 f5 24. Qc4+ Kh8 25. Be1 Qb6 26. Bxb4 Qxe3+ 27. Kh1 Rd8 28. Ba5 Qd3 29. Qxd3 Rxd3 30. b3 e3 31. g3 Rd5 32. Bb4 Rd4 33.
a3 Rd3 34. Rb1 e2 35. Re1 Rxb3 36. Rxe2 h5 37. Kg2 Bd4 38. Ra2 Rb1 39. Bd6 Rg1+ 40. Kh3 Kh7 41. a4 Ba7 42. a5 g5 43. fxg5 Kg6 44.
Bf4 Rf1 45. Rc2 Ra1 46. Rc6+ Kf7 47. Rc7+ 1-0

[Event "Early-Titled-Tuesday-Blitz-September-12-2023"]
[Site "Chess.com"]
[Date "2023.09.12"]
[Round "3"]
[White "Kapitan_Bayan"]
[Black "Djager97"]
[Result "0-1"]
[WhiteElo "2204"]
[BlackElo "2541"]
[TimeControl "180+1"]
[EndTime "8:27:45 PDT"]
[Termination "Djager97 won by resignation"]

1. e4 e5 2. Nf3 Nc6 3. Bc4 Nf6 4. d3 h6 5. O-O d6 6. c3 g6 7. Re1 Bg7 8. d4 Qe7 9. d5 Nb8 10. Bb5+ c6 11. dxc6 bxc6 12. Bc4 O-O 13. b3 Nbd7 14. Ba3 c5 15. Nbd2 Bb7 16. Qc2 Nb6 17. Nf1 Nxc4 18. bxc4 Qe6 19. Qd3 Bc6 20. N3d2 Nh5 21.
Ne3 Nf4 22. Qf1 f5 23. g3 fxe4 24. gxf4 exf4 25. Nd5 e3 26. fxe3 fxe3 27. Rxe3 Rxf1+ 28. Rxf1 Qg4+ 29. Rg3 Qe2 30. Rf2 Qe1+ 31. Kg2 Rf8 32.
Rff3 Qxd2+ 33. Kh1 Rxf3 34. Rxf3 Bxd5 35. cxd5 Qxd5 36.
Kg2 Qxa2+ 0-1

[Event "Early-Titled-Tuesday-Blitz-September-12-2023"]
[Site "Chess.com"]
[Date "2023.09.12"]
[Round "3"]
[White "Eloist"]
[Black "RandomNoob04"]
[Result "1-0"]
[WhiteElo "2481"]
[BlackElo "2623"]
[TimeControl "180+1"]
[EndTime "8:27:48 PDT"]
[Termination "Eloist won by checkmate"]

1. e4 e5 2. Bc4 Nc6 3. Nf3 Bc5 4.
c3 Nf6 5. d3 O-O 6. O-O a6 7.
Bb3 d6 8. Re1 Ba7 9. h3 h6 10.
Nbd2 Re8 11. Nh2 Be6 12. Qf3 d5 13. Ndf1 Kh7 14. Ng3 Qd7 15. Nf5 Bxf5 16. exf5 e4 17. dxe4 Nxe4 18. Be3 d4 19. cxd4 Nxd4 20. Bxd4 Qxd4 21. Ng4 Nd6 22. f6 g6 23. Rad1 Qb4 24. Ne5 a5 25. a3 Qb5 26. Nxf7 Nxf7 27. Bxf7 Rxe1+ 28. Rxe1 Qxb2 29. Re7 Kh8 30. Bxg6 Rf8 31. Rh7+ Kg8 32. f7+ Rxf7 33. Qxf7# 1-0

[Event "Early-Titled-Tuesday-Blitz-September-12-2023"]
[Site "Chess.com"]
[Date "2023.09.12"]
[Round "3"]
[White "Korchmar_Vasiliy"]
[Black "Kacparov"]
[Result "1/2-1/2"]
[WhiteElo "2708"]
[BlackElo "2917"]
[TimeControl "180+1"]
[EndTime "8:27:49 PDT"]
[Termination "Game drawn by repetition"]

1. e4 c5 2. d4 cxd4 3. Qxd4 Nc6 4. Qd3 Nf6 5. Nc3 g6 6. Nf3 d6 7. Be2 Bg7 8. O-O O-O 9. Nd5 Bg4 10. c3 Rc8 11. Bg5 Nd7 12. Qd2 Nc5 13. Qe3 Qd7 14. h3 Bxf3 15. Bxf3 Ne6 16. Bh4 Rfe8 17. Rad1 Ne5 18.
Be2 b5 19. f4 Nc4 20. Bxc4 Rxc4 21. f5 Nc5 22. Rd4 f6 23. b3 Rxd4 24. cxd4 Na6 25. Rc1 Kf7 26. Qd3 Rb8 27. Bg3 Rb7 28. Bf4 Nc7 29. Nxc7 Rxc7 30. Rxc7 Qxc7 31. Qxb5 Kf8 32. Qc4 Qb7 33. Qe6 Qc6 34. Kh2 Qc2 35. a4 Qc3 36. Bg3 Qxd4 37. Qc8+ Kf7 38. Qe6+ Kf8 39. Qc8+ Kf7 40. Qe6+ Kf8 1/2-1/2

[Event "Early-Titled-Tuesday-Blitz-September-12-2023"]
[Site "Chess.com"]
[Date "2023.09.12"]
[Round "3"]
[White "enestnrvrd"]
[Black "platy3"]
[Result "1-0"]
[WhiteElo "2716"]
[BlackElo "2907"]
[TimeControl "180+1"]
[EndTime "8:27:50 PDT"]
[Termination "enestnrvrd won on time"]

1. Nf3 Nf6 2. g3 b5 3. Bg2 Bb7 4. O-O e6 5. d3 c5 6. e4 d6 7. a4 b4 8. Nbd2 Be7 9. Nc4 O-O 10.
Re1 Nc6 11. b3 Nd7 12. Bb2 Qc7 13. Qd2 Rad8 14. Rad1 Rfe8 15. d4 cxd4 16. Nxd4 Nde5 17. Nb5 Qb8 18. Ncxd6 a6 19. f4 Ng6 20. e5 axb5 21. axb5 Bxd6 22. exd6 Nce7 23. Qxb4 Nf5 24. Bxb7 Qxb7 25.
c4 Rb8 26. c5 Qf3 27. Qc3 Qg4 28. d7 Rf8 29. Kh1 Ngh4 30. gxh4 Qxf4 31. Qd3 Qxh4 32. c6 Rbd8 33. Rg1 g5 34. Rxg5+ Qxg5 35. Rg1 h6 36.
Rxg5+ hxg5 37. c7 1-0

[Event "Early-Titled-Tuesday-Blitz-September-12-2023"]
[Site "Chess.com"]
[Date "2023.09.12"]
[Round "3"]
[White "vedantgoswami"]
[Black "Alphafischer2019"]
[Result "0-1"]
[WhiteElo "2323"]
[BlackElo "2551"]
[TimeControl "180+1"]
[EndTime "8:27:50 PDT"]
[Termination "Alphafischer2019 won on time"]

1. b3 Nf6 2. Bb2 d5 3. e3 Bf5 4. Nf3 e6 5. Be2 h6 6. d3 Be7 7. Nbd2 O-O 8. O-O a5 9. a3 a4 10. Re1 axb3 11. cxb3 Nbd7 12. a4 c6 13. Nd4 Bh7 14.
N4f3 Nc5 15. Ne5 Na6 16. Bc3 Nd7 17. Ndf3 Nxe5 18. Bxe5 Nb4 19. Qd2 Qb6 20. Bd4 c5 21.
Bc3 Nc6 22. Qb2 f6 23. Bf1 Rfd8 24. d4 Be4 25. dxc5 Bxc5 26. Nd4 Nb4 27. Rad1 Bg6 28. Nb5 e5 29. Kh1 Bf7 30. Qd2 Nc6 31. Bd3 Bf8 32.
Bc2 Rac8 33. Qd3 g6 34. f4 Nb4 35. Bxb4 Bxb4 36. Rf1 e4 37. Qe2 Bc5 38. Nd4 Bxd4 39. Rxd4 Rc3 40. f5 g5 41. Bb1 Rdc8 42. h3 Rxb3 43.
Ba2 Rb2 0-1

[Event "Early-Titled-Tuesday-Blitz-September-12-2023"]
[Site "Chess.com"]
[Date "2023.09.12"]
[Round "3"]
[White "CixPer1968"]
[Black "marik_spb"]
[Result "0-1"]
[WhiteElo "2165"]
[BlackElo "2421"]
[TimeControl "180+1"]
[EndTime "8:27:50 PDT"]
[Termination "marik_spb won on time"]

1. d4 Nf6 2. c4 e6 3. Nf3 b6 4. g3 Bb7 5. Bg2 d5 6. cxd5 exd5 7. O-O Be7 8. Nc3 O-O 9. Bf4 a6 10. Rc1 Nbd7 11. Ne5 c5 12. dxc5 Nxc5 13. Bg5 Nfe4 14.
Bxe7 Qxe7 15. Nf3 Rfd8 16. Nd4 Qf6 17. e3 a5 18. Ncb5 Rac8 19. Qe2 Ba6 20. Rfd1 h6 21.
Bh3 Ne6 22. Nxe6 Bxb5 23. Qxb5 Qxf2+ 24. Kh1 Rxc1 25. Rxc1 Qxe3 26. Rf1 fxe6 27. Bxe6+ Kh8 28. Qc6 Nf2+ 29. Kg2 Qe4+ 30. Kxf2 Rf8+ 31. Kg1 Qe3+ 32. Kg2 Qe2+ 33. Kh3 Qxf1+ 34. Kg4 Qf3+ 35. Kh3 d4 36. Bd5 Qh5+ 37. Kg2 d3 0-1

[Event "Early-Titled-Tuesday-Blitz-September-12-2023"]
[Site "Chess.com"]
[Date "2023.09.12"]
[Round "3"]
[White "Ishowmoves57"]
[Black "LileKoridze"]
[Result "0-1"]
[WhiteElo "2103"]
[BlackElo "2371"]
[TimeControl "180+1"]
[EndTime "8:27:50 PDT"]
[Termination "LileKoridze won by resignation"]

1. e4 c5 2. Nf3 d6 3. c3 Nf6 4.
Qc2 e5 5. d4 Nc6 6. dxe5 dxe5 7.
Bb5 Bd6 8. O-O Qc7 9. Nbd2 O-O 10. Nc4 a6 11. Nxd6 Qxd6 12. Be2 h6 13. h3 Be6 14.
Be3 Rfd8 15. Rfd1 Qe7 16. Nd2 b6 17. Nf1 Rxd1 18. Rxd1 b5 19. Ng3 Na5 20. b3 Qc7 21. Qd2 Qb7 22. Bxc5 Rc8 23. Bb4 Nc6 24. Bc5 Nb8 25.
Qe3 Nbd7 26. Ba3 Qc6 27. Bb2 Nc5 28. f3 a5 29. Rc1 a4 30. b4 Nb7 31. a3 Nd6 32. Nf1 Nc4 33. Bxc4 Qxc4 34. Nd2 Qa2 35. Rb1 Bb3 36. Qe1 Bc2 37. Qc1 Bxb1 38.
Nxb1 Nd7 39. Nd2 Nb6 40. Nf1 Nc4 0-1